 Dungeon Crawl Stone Soup version 0.19.4-10-g532645f (webtiles) character file.

276179 JeffiDaFish the Peltast (level 20, -2/136 HPs)
             Began as a Gargoyle Fighter on Feb 23, 2017.
             Was the Champion of Okawaru.
             Killed from afar by a Brimstone Fiend (54 damage)
             ... with damnation
             ... summoned by a deep elf demonologist
             ... led by an ironheart preserver
             ... on level 2 of the Vaults on Feb 24, 2017.
             The game lasted 01:58:07 (38769 turns).

JeffiDaFish the Peltast (Gargoyle Fighter)         Turns: 38769, Time: 01:58:23

Health: -2/136     AC: 43    Str: 34    XL:     20   Next: 36%
Magic:  22/22      EV:  9    Int:  7    God:    Okawaru [******]
Gold:   1888       SH: 31    Dex: 23    Spells: 1 memorised, 18 levels left

rFire  + . .     SeeInvis .     c - +6 morningstar of Kismet {vamp, rC+ Int-3 Dex+4}
rCold  + + +     Gourm    +     D - +5 plate armour of Agoraphobia {rElec}
rNeg   + . .     Faith    .     E - +6 large shield
rPois  ∞         Spirit   .     y - +0 hat "Qahyv" {Str+3}
rElec  +         Reflect  .     k - +1 cloak "Leexofae" {*Contam Str+5 Int+2 Dex+2}
rCorr  .         Harm     .     i - +2 pair of gloves
MR     +....                    G - +1 pair of boots
Stlth  ..........               M - amulet "Wiekeodo" {Gourm rF+ rC++}
                                z - +2 ring of dexterity
                                x - +2 ring of strength

@: corroded, flying, slowed, very slow
A: big wings, negative energy resistance 1, electricity resistance, unbreathing,
petrification resistance, no device heal 1, rot immunity, AC +15
a: Stop Flying, Heroism, Finesse, Renounce Religion
}: 2/15 runes: decaying, gossamer


You were on level 2 of the Vaults.
You worshipped Okawaru.
Okawaru was exalted by your worship.
You were completely stuffed.

You visited 6 branches of the dungeon, and saw 33 of its levels.
You also visited: Labyrinth, Sewer and Ice Cave.

You collected 2818 gold pieces.
You spent 930 gold pieces at shops.

Inventory:

Hand Weapons
 c - the +6 morningstar of Kismet (weapon) {vamp, rC+ Int-3 Dex+4}
   (Okawaru gifted it to you on level 6 of the Lair of Beasts)

   It inflicts no extra harm, but heals its wielder when it wounds a living foe.
   It affects your intelligence (-3).
   It affects your dexterity (+4).
   It protects you from cold.
 m - the +10 dire flail "Fetih" {venom, Str+2}
   (Okawaru gifted it to you on level 1 of the Vaults)

   It poisons the flesh of those it strikes.
   It affects your strength (+2).
 u - a +3 demon whip of venom
Armour
 i - a +2 pair of gloves (worn)
 k - the +1 cloak "Leexofae" (worn) {*Contam Str+5 Int+2 Dex+2}
   (Okawaru gifted it to you on level 6 of the Lair of Beasts)

   It affects your strength (+5).
   It affects your intelligence (+2).
   It affects your dexterity (+2).
   It causes magical contamination when unequipped.
 y - the +0 hat "Qahyv" (worn) {Str+3}
   (Okawaru gifted it to you on level 2 of the Lair of Beasts)

   It affects your strength (+3).
 D - the +5 plate armour of Agoraphobia (worn) {rElec}
   (You bought it in a shop on level 11 of the Dungeon)

   It insulates you from electricity.
 E - a +6 large shield (worn)
 G - a +1 pair of boots (worn)
Jewellery
 x - a +2 ring of strength (left hand)
 z - a +2 ring of dexterity (right hand)
 M - the amulet "Wiekeodo" (around neck) {Gourm rF+ rC++}
   (You found it in a labyrinth)

   [amulet of the gourmand]

   It allows you to eat raw meat even when not hungry.
   It protects you from fire.
   It greatly protects you from cold.
Wands
 I - a wand of hasting (5/9)
Scrolls
 e - 16 scrolls of remove curse
 l - 5 scrolls of identify
 n - 8 scrolls of teleportation
 o - a scroll of magic mapping
 p - 3 scrolls of fog
 r - 5 scrolls of blinking
 H - 2 scrolls of recharging
Potions
 j - 5 potions of haste
 s - 3 potions of cancellation
 t - 3 potions of ambrosia
 v - 16 potions of curing
 w - 4 potions of invisibility
 B - 3 potions of brilliance
 C - 7 potions of agility
 F - 3 potions of magic
Books
 b - a book of Cantrips

   Spells                             Type                      Level
   a - Confusing Touch                Hexes                        1
   b - Animate Skeleton               Necromancy                   1
   c - Summon Small Mammal            Summoning                    1
   d - Apportation                    Translocation                1
 J - a Young Poisoner's Handbook

   Spells                             Type                      Level
   a - Sting                          Conjuration/Poison           1
   b - Mephitic Cloud                 Conjuration/Poison/Air       3
   c - Olgreb's Toxic Radiance        Poison                       4
   d - Alistair's Intoxication        Transmutation/Poison         5
   e - Venom Bolt                     Conjuration/Poison           5
 K - a book of Frost

   Spells                             Type                      Level
   a - Freeze                         Ice                          1
   b - Throw Frost                    Conjuration/Ice              2
   c - Ozocubu's Armour               Charms/Ice                   3
   d - Throw Icicle                   Conjuration/Ice              4
   e - Summon Ice Beast               Ice/Summoning                4
Comestibles
 a - 30 fruits
 f - 22 bread rations
 g - 13 meat rations
 h - 3 royal jellies
 q - 8 beef jerkies
 A - 2 slices of pizza


   Skills:
 * Level 18.2 Fighting
 * Level 18.3 Maces & Flails
 * Level 18.6 Armour
 - Level 2.2 Dodging
 - Level 0.2 Stealth
 * Level 18.9 Shields
 - Level 3.3 Evocations


You had 18 spell levels left.
You knew the following spells:

 Your Spells              Type           Power        Failure   Level  Hunger
a - Sting                 Conj/Pois      #...         100%        1    ##.....


Dungeon Overview and Level Annotations

Branches:
Dungeon (15/15)            Temple (0/1) D:5            Lair (6/6) D:10
  Swamp (4/4) Lair:3       Spider (4/4) Lair:4        Slime (0/5) Lair:5
    Orc (2/2) D:12            Elf (0/3) Orc:2        Vaults (2/5) D:13
 Depths (0/5) D:15
  Crypt: Vaults:2-3

Altars:
Dithmenos
Fedhas
Hepliaklqana
Kikubaaqudgha
Nemelex Xobeh
Okawaru
Sif Muna
Trog
Uskayaw
Vehumet
Yredelemnul
Zin
Beogh

Shops:
D:5 %*   D:11 [   Orc:2 :([*

Annotations:
D:6 Blork the orc


Innate Abilities, Weirdness & Mutations

You are resistant to torment.
Your stone body is resilient. (AC +15)
You are immune to poison.
Your large and strong wings let you fly indefinitely.
You resist negative energy. (rN+)
You are resistant to electric shocks. (rElec)
You can survive without breathing.
You are immune to petrification.
You are immune to rotting.
Potions and wands are less effective at restoring your health.


Message History

The hellwing closely misses you. You block the hellwing's attack. x2
The Brimstone Fiend calls on the powers of darkness!
Your body is wracked with pain!
The deep elf demonologist convulses!
The deep elf archer convulses! x2; You block the hellwing's attack. x2
The deep elf demonologist casts a spell.
The deep elf archer blinks!
You block the hellwing's attack. x2
The rust devil hits you. The rust devil corrodes you!
You block the Brimstone Fiend's attack.
The Brimstone Fiend hits you but does no damage.
You block the Brimstone Fiend's attack. The rust devil barely misses you.
The hellwing disappears in a puff of smoke!
The deep elf demonologist gestures wildly while chanting.
The ynoxinul disappears in a puff of smoke!
The ufetubus disappears in a puff of smoke! x2
The Brimstone Fiend gestures at you.
The sphere of damnation explodes!
The damnation engulfs you! The Brimstone Fiend gestures at you.
The sphere of damnation explodes!
The damnation engulfs you!
You die...

..####.......#
#.#..#.......#
#.#..#4.3....#
#.#..'§e.....#
#)(..#e......#
#.#..#§§.......
#.#..#14........
#.#######.#..#.####+####
#.........####@#
#####'##### #.#
#.......# #.# #.......#
#.# ###+##'### #.#
#......# ..# #....(.#
..# #...)))# ...
#....<.#


You could see a Brimstone Fiend, a deep elf demonologist, a deep elf archer, a
rust devil and a ynoxinul.

Vanquished Creatures
  Mara (Swamp:3)
  Jorgrun (Swamp:3)
  Rupert (Lair:4)
  An Ice Fiend (IceCv)
  The ghost of Snu the Devastator, an adept DEFE of Vehumet (Spider:4)
  The ghost of LORDOFBUTT the Tortoise, an adept GrFi of Gozag (Swamp:4)
  Donald (Vaults:1)
  3 thorn hunters
  Kirke (Swamp:3)
  An orc warlord (Orc:1)
  The ghost of tself55 the Bludgeoner, a journeyman DgAE (Spider:1)
  A deep elf sorcerer (Vaults:1)
  8 emperor scorpions
  7 vault wardens (Vaults:1)
  2 ghost moths
  9 ironheart preservers
  3 entropy weavers
  A stone giant (Vaults:2)
  3 very ugly things (Vaults:1)
  A deep elf demonologist (Vaults:2)
  6 spark wasps
  The ghost of Daunt the Bludgeoner, a journeyman OgHu of Okawaru (D:11)
  A minotaur (Lab)
  Josephine (D:12)
  A great orb of eyes (Vaults:1)
  5 yaktaur captains
  22 hydras
  9 vault guards (Vaults:1)
  2 ice dragons (Vaults:1)
  Erolcha (D:11)
  2 ghost crabs (Swamp:4)
  4 centaur warriors
  A catoblepas (Lair:4)
  2 rakshasas
  The ghost of VictoriousLee the Covert, a journeyman SpAs of Gozag (Lair:2)
  A merfolk avatar (Lair:6)
  9 alligators
  2 deep troll shamans (Vaults:1)
  7 death scarabs (Spider:4)
  4 ogre magi
  2 orc high priests (Orc:2)
  A tengu warrior (D:13)
  Urug (Lair:2)
  5 death yaks (Lair:6)
  A fire crab (shapeshifter) (Vaults:1)
  3 deep elf knights
  A storm dragon zombie (Vaults:1)
  8 skeletal warriors (Vaults:1)
  4 unseen horrors
  3 deep trolls (Vaults:1)
  7 deep elf archers
  4 shambling mangroves
  4 ironbrand convokers (Vaults:1)
  5 spriggan druids
  8 hill giants
  3 spectral wolf spiders (Spider:4)
  7 swamp dragons
  A necromancer (Vaults:1)
  Pikel (D:6)
  3 orc knights (Vaults:1)
  2 lindwurms (Swamp:4)
  7 orc sorcerers (Orc:2)
  13 orb spiders
  The ghost of miculber the Thaumaturge, a novice DEWn of Sif Muna (D:6)
  3 wolf spider zombies
  2 orb spiders (shapeshifter) (Vaults:1)
  7 ugly things (Vaults:1)
  A manticore (D:15)
  36 wolf spiders
  7 deep elf magi
  A harpy (Lair:6)
  19 slime creatures
  3 black mambas
  4 moths of wrath
  8 elephants
  A centaur zombie (D:12)
  Joseph (D:7)
  4 vault sentinels (Vaults:1)
  A gargoyle (D:13)
  A fire giant skeleton (Vaults:1)
  An ice statue (IceCv)
  13 komodo dragons
  14 spiny frogs
  2 spectral redbacks (Spider:4)
  5 freezing wraiths
  6 rime drakes
  15 demonic crawlers
  23 yaktaurs
  2 redback zombies (Spider:4)
  A kobold demonologist (D:9)
  2 golden dragon simulacra (IceCv)
  4 ice devils (IceCv)
  3 anaconda simulacra (IceCv)
  8 trolls
  34 jumping spiders
  3 tyrant leeches
  2 wind drakes (Lair:6)
  A queen bee (Spider:2)
  3 meliai (Spider:2)
  5 polar bears
  3 spectral tarantellas (Spider:4)
  A wolf spider simulacrum (IceCv)
  6 two-headed ogres
  A tarantella zombie (Spider:4)
  4 dream sheep (Lair:5)
  6 spectral jumping spiders (Spider:4)
  25 hornets
  32 blink frogs
  10 bog bodies
  17 hippogriffs
  3 spriggans
  3 shadows
  A vampire (D:9)
  80 redbacks
  6 wraiths
  12 wyverns
  16 yaks
  33 tarantellas
  A water elemental (D:14)
  A hog (Swamp:3)
  5 basilisks (Lair:4)
  15 vampire mosquitoes
  3 hungry ghosts
  4 harpy simulacra (IceCv)
  A death yak simulacrum (IceCv)
  4 wargs
  16 insubstantial wisps
  26 swamp worms
  3 iron troll simulacra (IceCv)
  15 water moccasins
  2 hydra simulacra (IceCv)
  11 porcupines
  A spectral hornet (Spider:4)
  2 slaves (D:6)
  15 swamp drakes
  3 necrophages
  29 orc warriors
  2 sky beasts
  A black bear (D:10)
  An eye of draining (D:13)
  2 ice beasts
  5 phantoms
  22 ogres
  6 wolves
  22 crocodiles
  6 centaurs
  The ghost of HeyBub the Poker, an amateur VSMo (D:3)
  12 bullfrogs
  A scorpion (D:13)
  2 troll zombies (D:9)
  2 human simulacra (Vaults:1)
  22 killer bees
  2 wights (D:9)
  5 electric eels
  5 howler monkeys
  10 crimson imps
  2 draconian simulacra (IceCv)
  5 human zombies
  7 hounds
  4 jellies
  8 orc priests
  2 bullfrog skeletons
  3 centaur skeletons
  Ijyb (D:4)
  Terence (D:3)
  4 worker ants
  5 iguanas
  23 orc wizards
  3 human skeletons
  5 troll simulacra (IceCv)
  A spriggan simulacrum (IceCv)
  3 polar bear simulacra (IceCv)
  2 centaur simulacra (IceCv)
  A hound zombie (D:7)
  2 hound skeletons
  A mummy (D:9)
  A howler monkey skeleton (D:8)
  18 adders
  7 gnolls
  4 naga simulacra (IceCv)
  2 ogre simulacra (IceCv)
  6 river rats
  4 shadow imps
  6 white imps (IceCv)
  3 ufetubi (IceCv)
  2 oozes (Lair:5)
  2 adder skeletons (D:9)
  An adder zombie (D:7)
  3 worms
  8 leopard geckos
  67 orcs
  3 ball pythons
  9 giant cockroaches
  11 goblins
  5 hobgoblins
  4 jackals (D:3)
  3 quokkas
  24 bats
  13 frilled lizards
  A jackal skeleton (D:5)
  8 kobolds
  2 orc zombies (D:9)
  23 rats
1339 creatures vanquished.

Vanquished Creatures (others)
  3 hydras (Swamp:4)
  A lindwurm (Swamp:4)
  4 humans (Swamp:3)
  5 swamp drakes
  An orc wizard (D:6)
  3 white imps (IceCv)
  2 ufetubi (IceCv)
  An orc (D:6)
  2 goblins (D:2)
  4 briar patches
  11 fungi
  12 plants
49 creatures vanquished.

Grand Total: 1388 creatures vanquished

Notes
Turn   | Place    | Note
-------+----------+-------------------------------------------
     0 | D:1      | JeffiDaFish the Gargoyle Fighter began the quest for the Orb.
     0 | D:1      | Reached XP level 1. HP: 14/14 MP: 1/1
    96 | D:1      | Reached XP level 2. HP: 17/19 MP: 2/2
   696 | D:2      | Reached XP level 3. HP: 24/24 MP: 3/3
   721 | D:2      | Found a faded altar of an unknown god.
   962 | D:2      | Gained mutation: You have large cloven feet. [potion of mutation]
   962 | D:2      | Gained mutation: Scrolls take you a little longer to read. [potion of mutation]
   962 | D:2      | Gained mutation: Your muscles are strong. (Str +2) [potion of mutation]
  1074 | D:2      | Reached XP level 4. HP: 23/29 MP: 4/4
  1289 | D:3      | Noticed HeyBub's ghost (amateur VSMo)
  1315 | D:3      | Killed HeyBub's ghost
  1315 | D:3      | Reached XP level 5. HP: 2/33 MP: 5/5
  1715 | D:3      | Reached XP level 6. HP: 10/38 MP: 6/6
  1727 | D:3      | Reached skill level 1 in Dodging
  1987 | D:3      | Noticed Terence
  1994 | D:3      | Killed Terence
  2085 | D:3      | Found an iron altar of Okawaru.
  2097 | D:3      | Became a worshipper of Warmaster Okawaru
  2489 | D:4      | Reached skill level 5 in Shields
  2491 | D:4      | Found a glowing drain.
  2544 | Sewer    | Entered a sewer
  2572 | Sewer    | Reached XP level 7. HP: 44/44 MP: 7/7
  2667 | Sewer    | Noticed dmax1's ghost (amateur MiFi)
  3113 | D:4      | Noticed Ijyb
  3125 | D:4      | Killed Ijyb
  3125 | D:4      | Reached skill level 5 in Maces & Flails
  3382 | D:4      | Reached * piety under Okawaru
  3555 | D:5      | Entered Level 5 of the Dungeon
  3710 | D:5      | Found a staircase to the Ecumenical Temple.
  3764 | D:5      | Reached XP level 8. HP: 8/48 MP: 8/8
  4021 | D:5      | Found Ileath's Food Emporium.
  4129 | D:5      | Found Wuqis's General Store.
  4379 | D:5      | Found a hide-covered altar of Uskayaw.
  4388 | D:5      | Reached skill level 5 in Armour
  4640 | D:6      | Reached skill level 5 in Fighting
  4645 | D:6      | Noticed miculber's ghost (novice DEWn)
  4690 | D:6      | Killed miculber's ghost
  4690 | D:6      | Reached ** piety under Okawaru
  4712 | D:6      | Reached XP level 9. HP: 22/54 MP: 9/9
  4961 | D:6      | Reached *** piety under Okawaru
  5226 | D:6      | Noticed Pikel
  5254 | D:6      | Killed Pikel
  5415 | D:6      | Noticed Blork the orc
  5426 | D:6      | Found a deep blue altar of Sif Muna.
  5822 | D:7      | Noticed Joseph
  6115 | D:6      | Reached **** piety under Okawaru
  6353 | D:7      | You fall through a shaft for 2 floors!
  6451 | D:9      | Found an ancient bone altar of Kikubaaqudgha.
  6707 | D:7      | Reached XP level 10. HP: 55/60 MP: 10/10
  6785 | D:7      | Killed Joseph
  7245 | D:7      | Found a blossoming altar of Fedhas.
  7326 | D:7      | Identified the cursed +0 plate armour "Koah" {rPois} (You found it on level 7 of the Dungeon)
  7685 | D:8      | Found a shadowy altar of Dithmenos.
  8069 | D:9      | Noticed a kobold demonologist
  8082 | D:9      | Noticed a rust devil
  8084 | D:9      | Killed a kobold demonologist
  8084 | D:9      | Reached ***** piety under Okawaru
  8194 | D:9      | Found a radiant altar of Vehumet.
  8197 | D:9      | Found a bloodstained altar of Trog.
  8200 | D:9      | Found a hazy altar of Hepliaklqana.
  8271 | D:9      | Found a glowing silver altar of Zin.
  8358 | D:9      | Found a basalt altar of Yredelemnul.
  8384 | D:9      | Reached skill level 10 in Maces & Flails
  8941 | D:10     | Entered Level 10 of the Dungeon
  9055 | D:10     | Reached XP level 11. HP: 52/67 MP: 11/11
  9185 | D:10     | Noticed a hill giant
  9197 | D:10     | Killed a hill giant
  9197 | D:10     | Reached skill level 10 in Shields
  9340 | D:10     | Found a staircase to the Lair.
  9610 | Lair:1   | Entered Level 1 of the Lair of Beasts
  9915 | Lair:1   | Received a gift from Okawaru
 10551 | Lair:1   | Reached skill level 1 in Evocations
 10695 | Lair:2   | Lost mutation: Your muscles are strong. (Str +2) [potion of cure mutation]
 10695 | Lair:2   | Lost mutation: You have large cloven feet. [potion of cure mutation]
 10695 | Lair:2   | Lost mutation: Scrolls take you a little longer to read. [potion of cure mutation]
 10702 | Lair:2   | Noticed Urug
 10713 | Lair:2   | Killed Urug
 10895 | Lair:2   | Reached ****** piety under Okawaru
 10906 | Lair:2   | Noticed VictoriousLee's ghost (journeyman SpAs)
 11482 | Lair:2   | Killed VictoriousLee's ghost
 11502 | Lair:2   | Received a gift from Okawaru
 11532 | Lair:2   | Got a scorched hat {god gift}
 11543 | Lair:2   | Identified the +0 hat "Qahyv" {Str+3} (Okawaru gifted it to you on level 2 of the Lair of Beasts)
 11572 | Lair:2   | Reached XP level 12. HP: 70/75 MP: 13/13
 12162 | Lair:3   | Reached skill level 10 in Armour
 12519 | Lair:3   | You fall through a shaft!
 12579 | Lair:4   | Found a hole to the Spider Nest.
 12784 | Lair:4   | Found a labyrinth entrance.
 12790 | Lair:4   | Noticed a four-headed hydra
 12802 | Lair:4   | Killed a four-headed hydra
 12822 | Lab      | Entered a labyrinth
 12910 | Lab      | Noticed a minotaur
 12922 | Lab      | Killed a minotaur
 12922 | Lab      | Reached skill level 10 in Fighting
 12930 | Lab      | Got a crude graven amulet
 12944 | Lair:4   | Identified the amulet "Wiekeodo" {Gourm rF+ rC++} (You found it in a labyrinth)
 12976 | Lair:4   | Noticed Rupert
 12983 | Lair:4   | Paralysed by Rupert for 7 turns
 13016 | Lair:4   | Killed Rupert
 13016 | Lair:4   | Received a gift from Okawaru
 13300 | Lair:4   | Reached XP level 13. HP: 82/82 MP: 15/15
 13540 | Lair:4   | Received a gift from Okawaru
 14118 | Lair:5   | Found a staircase to the Slime Pits.
 15356 | Lair:6   | Entered Level 6 of the Lair of Beasts
 15387 | Lair:6   | Received a gift from Okawaru
 15436 | Lair:6   | Got a shimmering morningstar {god gift}
 15437 | Lair:6   | Identified the +6 morningstar of Kismet {vamp, rC+ Int-3 Dex+4} (Okawaru gifted it to you on level 6 of the Lair of Beasts)
 15455 | Lair:6   | Got a steaming cloak
 15461 | Lair:6   | Identified the +2 cloak "Ugoce" {rCorr} (You found it on level 6 of the Lair of Beasts)
 15839 | Lair:6   | Gained mutation: Your large and strong wings let you fly indefinitely. [Gargoyle growth]
 15839 | Lair:6   | Reached XP level 14. HP: 91/91 MP: 16/16
 15894 | Lair:6   | Received a gift from Okawaru
 16483 | Lair:6   | Noticed a dire elephant
 16822 | Lair:6   | Received a gift from Okawaru
 16859 | Lair:6   | Identified the +1 cloak "Leexofae" {*Contam Str+5 Int+2 Dex+2} (Okawaru gifted it to you on level 6 of the Lair of Beasts)
 17496 | D:11     | Noticed Erolcha
 17508 | D:11     | Killed Erolcha
 17620 | D:11     | Noticed Daunt's ghost (journeyman OgHu)
 17631 | D:11     | Killed Daunt's ghost
 17896 | D:11     | Found Vaad's Armour Shop.
 17943 | D:11     | Bought the +5 plate armour of Agoraphobia {rElec} for 930 gold pieces
 18308 | D:12     | Noticed Josephine
 18322 | D:12     | Killed Josephine
 18704 | D:12     | Found a staircase to the Orcish Mines.
 19618 | D:13     | Found a gate to the Vaults.
 19709 | D:13     | Reached XP level 15. HP: 97/97 MP: 17/17
 20493 | D:15     | Entered Level 15 of the Dungeon
 20600 | D:15     | Found a sparkling altar of Nemelex Xobeh.
 20833 | D:15     | Received a gift from Okawaru
 20834 | D:15     | Got a shimmering cloak {god gift}
 20845 | D:15     | Identified the +0 cloak of a volcano {Dex+2} (Okawaru gifted it to you on level 15 of the Dungeon)
 20846 | D:15     | Gained mutation: Potions and wands are less effective at restoring your health. [mutagenic glow]
 20867 | D:15     | Found a staircase to the Depths.
 21329 | Orc:1    | Entered Level 1 of the Orcish Mines
 21382 | Orc:2    | Entered Level 2 of the Orcish Mines
 21408 | Orc:2    | Noticed an orc warlord
 21456 | Orc:1    | Killed an orc warlord
 21887 | Orc:2    | Found Sivaet's Book Shoppe.
 21924 | Orc:2    | Found Ruicheleva's Antique Weapon Shop.
 22102 | Orc:2    | Found a staircase to the Elven Halls.
 22224 | Orc:2    | Found a roughly hewn altar of Beogh.
 22292 | Orc:2    | Found Oqemieme's Antique Armour Shoppe.
 22590 | Orc:2    | Paralysed by an orc sorcerer for 5 turns
 22615 | Orc:2    | Found Fangih's General Store.
 23018 | Spider:1 | Entered Level 1 of the Spider Nest
 23058 | Spider:1 | Received a gift from Okawaru
 23291 | Spider:1 | Noticed tself55's ghost (journeyman DgAE)
 23337 | Spider:1 | Killed tself55's ghost
 23468 | Spider:1 | Reached skill level 15 in Shields
 23583 | Spider:1 | Received a gift from Okawaru
 23611 | Spider:1 | Noticed an emperor scorpion
 23635 | Spider:1 | Killed an emperor scorpion
 23635 | Spider:1 | Reached XP level 16. HP: 69/106 MP: 18/18
 23757 | Spider:1 | Reached skill level 15 in Maces & Flails
 24368 | Lair:3   | Found a staircase to the Swamp.
 25092 | Spider:2 | Found a frozen archway.
 25105 | IceCv    | Entered an ice cave
 25522 | IceCv    | Identified the +0 helmet of the Five Demons {rC+} (You found it in an ice cave)
 26009 | IceCv    | Reached skill level 15 in Armour
 26137 | IceCv    | Noticed an Ice Fiend
 26147 | IceCv    | Received a gift from Okawaru
 26724 | IceCv    | Killed an Ice Fiend
 26754 | IceCv    | Got a twitching glass ring
 26758 | IceCv    | Identified the ring "Firrir" {*Corrode rF+ rN+ MP+9 Slay+3} (You found it in an ice cave)
 28380 | Spider:3 | Received a gift from Okawaru
 28464 | Spider:3 | Reached skill level 15 in Fighting
 29384 | Spider:4 | Entered Level 4 of the Spider Nest
 29391 | Spider:4 | Reached XP level 17. HP: 113/113 MP: 19/19
 29723 | Spider:4 | Noticed Snu's ghost (adept DEFE)
 29750 | Spider:4 | Killed Snu's ghost
 29884 | Spider:4 | Identified the +3 long sword of Zarghaovi {speed, *Slow rPois MR+ Int+3} (You found it on level 4 of the Spider Nest)
 29907 | Spider:4 | Received a gift from Okawaru
 31264 | Spider:4 | Received a gift from Okawaru
 31953 | Spider:4 | Got a gossamer rune of Zot
 32110 | Spider:3 | Reached XP level 18. HP: 115/120 MP: 20/20
 32273 | Swamp:1  | Entered Level 1 of the Swamp
 32710 | Swamp:1  | Received a gift from Okawaru
 33210 | Swamp:2  | Learned a level 1 spell: Sting
 33675 | Swamp:3  | Noticed Kirke
 33699 | Swamp:3  | Killed Kirke
 34225 | Swamp:3  | Noticed Jorgrun
 34241 | Swamp:3  | Killed Jorgrun
 34462 | Swamp:3  | Noticed Mara
 34464 | Swamp:3  | Noticed JeffiDaFish's illusion
 34496 | Swamp:3  | Killed Mara
 34770 | Swamp:4  | Entered Level 4 of the Swamp
 34847 | Swamp:4  | Paralysed by the power of Zot for 2 turns
 34982 | Swamp:4  | Noticed LORDOFBUTT's ghost (adept GrFi)
 34985 | Swamp:4  | Received a gift from Okawaru
 35524 | Swamp:4  | Got a decaying rune of Zot
 35551 | Swamp:4  | Reached XP level 19. HP: 101/128 MP: 21/21
 35650 | Swamp:4  | Killed LORDOFBUTT's ghost
 36159 | Vaults:1 | Entered Level 1 of the Vaults
 36253 | Vaults:1 | Received a gift from Okawaru
 36722 | Vaults:1 | Noticed Donald
 36741 | Vaults:1 | Killed Donald
 36851 | Vaults:1 | Received a gift from Okawaru
 36866 | Vaults:1 | Identified the +10 dire flail "Fetih" {venom, Str+2} (Okawaru gifted it to you on level 1 of the Vaults)
 37711 | Vaults:1 | Received a gift from Okawaru
 37899 | Vaults:1 | Reached XP level 20. HP: 100/136 MP: 22/22
 38369 | Vaults:1 | Received a gift from Okawaru
 38753 | Vaults:2 | Noticed a Brimstone Fiend
 38769 | Vaults:2 | Killed from afar by a Brimstone Fiend

Skill      XL: |  1  2  3  4  5  6  7  8  9 10 11 12 13 14 15 16 17 18 19 20 |
---------------+-------------------------------------------------------------+-----
Fighting       | 4 5 6 7 8 10 11 12 14 15 16 17 18 | 18.2
Maces & Flails | 3 4 5 7 8 10 11 12 13 14 15 16 17 18 | 18.3
Shields        | 4 5 6 8 9 10 12 13 14 15 16 17 18 | 18.9
Armour         | 4 6 7 8 9 10 12 13 14 15 16 17 18 | 18.6
Dodging        | 1 2 |  2.2
Evocations     | 2 3 |  3.3
Stealth        | |  0.2

Action                   |  1- 3 |  4- 6 |  7- 9 | 10-12 | 13-15 | 16-18 | 19-21 || total
-------------------------+-------+-------+-------+-------+-------+-------+-------++-------
Melee: Flail             |   152 |   273 |   163 |       |       |       |       ||   588
       Kick              |    10 |    69 |   126 |   186 |       |       |       ||   391
       Mace              |       |       |   274 |   861 |       |       |       ||  1135
       Whip              |       |       |     5 |       |       |       |       ||     5
       Demon whip        |       |       |       |   565 |   484 |   220 |       ||  1269
       Morningstar       |       |       |       |       |  1147 |  2011 |  1070 ||  4228
 Abil: Fly               |       |       |       |       |     1 |       |       ||     1
  Use: Scroll            |     8 |     3 |     4 |     8 |    12 |    21 |     6 ||    62
       Potion            |     6 |     3 |     2 |     5 |     6 |     5 |     1 ||    28
 Stab: Petrified         |       |       |       |       |     2 |       |       ||     2
       Held in net/web   |       |       |       |       |       |     1 |       ||     1
       Confused          |       |       |       |       |       |     1 |       ||     1
  Eat: Chunk             |     1 |     6 |    14 |    25 |    61 |    42 |    12 ||   161
       Royal jelly       |       |       |       |     1 |       |     2 |       ||     3
       Bread ration      |       |       |       |       |       |     1 |       ||     1
Armor: Scale mail        |    78 |    48 |       |       |       |       |       ||   126
       Chain mail        |       |    85 |    81 |       |       |       |       ||   166
       Plate armour      |       |       |   148 |   508 |   882 |  1267 |   397 ||  3202
Dodge: Dodged            |    48 |    71 |    96 |   168 |   334 |   493 |   140 ||  1350
Block: Shield            |    85 |   163 |   254 |   554 |       |       |       ||  1056
       Large shield      |       |       |       |   128 |  1857 |  3274 |  1307 ||  6566
